 Dungeon Crawl Stone Soup version 0.31-a0-654-gbe3e110b4e (webtiles) character file.

Game seed: 776068327063530673

5501 thirtiethelement the Reanimator (level 10, 0/63 (71) HPs)
             Began as a Demonspawn Necromancer on Aug 29, 2023.
             Was a Follower of Makhleb.
             Shot with an arrow by an orc warlord (13 damage)
             ... in a bailey.
             The game lasted 00:26:53 (7443 turns).

thirtiethelement the Reanimator (DsNe)              Turns: 7443, Time: 00:26:53

HP:   0/63 (71)     AC:  8    Str:  9    XL:     10   Next: 42%
MP:   22/22         EV: 14    Int: 20    God:    Makhleb [*.....]
Gold: 303           SH:  0    Dex: 16    Spells: 15/25 levels left

rFire   + . .        y - +2 dagger (venom)
rCold   . . .        (no shield)
rNeg    . . .        c - +0 leather armour
rPois   .            (no helmet)
rElec   .            s - scarf {shadows}
rCorr   .            (no gloves)
SInv    .            q - +0 pair of boots
Will    .....        A - amulet of regeneration
Stlth   +++          g - +4 ring of protection
HPRegen 1.10/turn    f - ring of wizardry
MPRegen 0.36/turn

%: wizardry (x1)
@: heavily drained
A: hooves 2, powered by death 2, magic regeneration, big brain 1, fire
resistance 1
a: Renounce Religion


You were in a bailey.
You worshipped Makhleb.
Makhleb was aware of your devotion.
You visited 2 branches of the dungeon, and saw 8 of its levels.
You also visited: Sewer and Bailey.

You collected 535 gold pieces.
You spent 232 gold pieces at shops.

Inventory:

Hand Weapons
 r - a +2 dagger of draining
 x - a +4 long sword
 y - a +2 dagger of venom (weapon)
Missiles
 m - 35 poisoned darts (quivered)
Armour
 c - a +0 leather armour (worn)
 q - a +0 pair of boots (worn)
 s - a scarf of shadows (worn)
Jewellery
 f - a ring of wizardry (right hand)
 g - a +4 ring of protection (left hand)
 A - an amulet of regeneration (around neck)
 F - the ring of Widaacik {Ice rElec rN++}
   (You found it on level 6 of the Dungeon)

   [ring of ice]

   Ice:       It enhances your ice magic.
   rF-:       It makes you vulnerable to fire.
   rC+:       It protects you from cold.
   rElec:     It insulates you from electricity.
   rN++:      It greatly protects you from negative energy.
Wands
 B - a wand of charming (6)
Scrolls
 a - 2 scrolls of immolation
 i - 2 scrolls of vulnerability
 j - 3 scrolls of fog
 l - 2 scrolls of poison {unknown}
 n - 2 scrolls of fear
 o - 4 scrolls of identify
 p - a scroll of amnesia {unknown}
 t - 2 scrolls of teleportation
 u - a scroll of enchant armour {unknown}
 w - a scroll of noise {unknown}
 G - a scroll of butterflies {unknown}
 I - a scroll of revelation {unknown}
Potions
 b - 2 potions of magic
 d - a potion of might
 e - a potion of berserk rage
 h - 5 potions of haste
 k - 2 potions of curing
 v - 2 potions of mutation
 z - a potion of enlightenment {unknown}
 C - a potion of ambrosia
 D - a potion of brilliance
 E - a potion of heal wounds
 H - 3 potions of invisibility {unknown}


   Skills:
 + Level 3.9 Fighting
 + Level 5.3 Short Blades
 + Level 0.4 Throwing
 + Level 5.3 Armour
 + Level 5.3 Dodging
 + Level 4.7 Stealth
 + Level 8.4 Spellcasting
 + Level 4.2 Summonings
 + Level 8.6 Necromancy


You had 15 spell levels left.
You knew the following spells:

 Your Spells              Type           Power      Damage    Failure   Level
a - Necrotise             Necr           100%       1d9       1%          1
b - Vampiric Draining     Necr           43%        2d9       1%          3
c - Call Imp              Summ           50%        N/A       1%          2
d - Animate Dead          Necr           43%        N/A       1%          4

Your spell library contained the following spells:

 Spells                   Type           Power      Damage    Failure   Level
 Sublimation of Blood     Necr           43%        N/A       1%          2
 Agony                    Necr           43%        N/A       3%          5
 Static Discharge         Conj/Air       16%        2-3/arc   6%          2
 Wereblood                Tmut           8%         N/A       6%          2
 Summon Ice Beast         Ice/Summ       16%        N/A       17%         4
 Summon Lightning Spire   Summ/Air       16%        N/A       17%         4
 Airstrike                Air            4%         2d(1-17)  38%         4
 Olgreb's Toxic Radiance  Pois           8%         N/A       38%         4
 Passage of Golubria      Tloc           8%         N/A       38%         4
 Silence                  Hex/Air        4%         N/A       71%         5
 Summon Hydra             Summ           12%        N/A       99%         7
 Lehudib's Crystal Spear  Conj/Erth      4%         10d3      100%        8


Dungeon Overview and Level Annotations

Branches:
Dungeon (7/15)             Temple (1/1) D:6           Sewer (visited)
 Bailey (1/1)

Altars:
Ashenzari
Dithmenos
Hepliaklqana
Kikubaaqudgha
Makhleb
Nemelex Xobeh
Okawaru
Ru
Sif Muna
Trog
Uskayaw
Vehumet
Wu Jian

Shops:
D:3 ?   D:6 :!


Innate Abilities, Weirdness & Mutations

You have hoof-like feet.
You regenerate health from kills.
You regenerate magic rapidly.
You have an unusually large brain. (Int +2)
Your flesh is heat resistant. (rF+)


Message History

Your orc warrior zombie is destroyed!
Things that are here:
a +0 hand axe; a +0 leather armour Throw: 38 darts (poison)
Press: ? - help, Q - select action, (/) - cycle Shift-Dir - straight line, f/p - orc warlord
Aim: an orc warlord, wielding a +3 battleaxe and wearing a +0 plate armour (lightly wounded, ally target, 69% to hit)
You throw a poisoned dart. The poisoned dart hits the orc warlord.
The orc warlord is poisoned.
The orc warlord is lightly wounded.
Your cerulean imp closely misses the orc warlord.
The orc warlord unwields a +3 battleaxe.
The orc warlord wields the +8 shortbow of the Eight Curses {drain, Dex+5}.
You sense an unholy aura.
The orc warlord shoots an arrow.
The arrow hits your orc warrior zombie!!!
Your orc warrior zombie is destroyed!
Throw: 37 darts (poison)
Press: ? - help, Q - select action, (/) - cycle Shift-Dir - straight line, f/p - orc warlord
Aim: an orc warlord, wielding the +8 shortbow of the Eight Curses {drain, Dex+5} and wearing a +0 plate armour (lightly wounded, poisoned, ally target, 69% to hit)
You throw a poisoned dart. The poisoned dart hits the orc warlord.
The orc warlord looks even sicker.
The orc warlord is lightly wounded.
Your cerulean imp hits the orc warlord but does no damage.
Throw: 36 darts (poison)
Press: ? - help, Q - select action, (/) - cycle Shift-Dir - straight line, f/p - orc warlord
Aim: an orc warlord, wielding the +8 shortbow of the Eight Curses {drain, Dex+5} and wearing a +0 plate armour (lightly wounded, very poisoned, ally target, 69% to hit)
You throw a poisoned dart.
The poisoned dart closely misses the orc warlord.
The orc warlord shoots an arrow.
The arrow hits you!
You feel drained.
Your cerulean imp hits the orc warlord with a -2 spear.
Your cerulean imp hits the orc warlord but does no damage.
The orc warlord shoots an arrow.
The arrow hits you!!
You feel drained.
Your cerulean imp hits the orc warlord but does no damage.
The orc warlord shoots an arrow.
The arrow hits you!
* * * LOW HITPOINT WARNING * * *
You feel drained.
* * * LOW HITPOINT WARNING * * *
As you read the scroll of fog, it dissolves into smoke.
Your cerulean imp hits the orc warlord with a -2 spear.
The orc warlord shoots an arrow.
The arrow hits you!
You die...

####### ##..∩..## #.......#
##..§)...## #..§§§§...#
##..§@§....##
#######...§§§.....#######
##.....##.)§......##.....##
#......5o)........'.......#
##......(##.......##.......##
#....(....#.......#.........#
##.........##88.88##...).....##
#.....⌠.....###'###.....))....#
##.........###...###.........##


You could see an orc warlord (very poisoned, ally target) and a friendly
cerulean imp (summoned).

Vanquished Creatures
  Menkaure (D:6)
  2 ice beasts
  10 orc warriors (Bailey)
  A centaur (D:5)
  A phantom (D:6)
  3 kobold brigands
  A gnoll sergeant (D:7)
  A scorpion (D:6)
  3 wights
  2 orc priests (D:5)
  A hound (D:6)
  2 jellies (D:6)
  4 orc wizards
  17 adders
  13 gnolls
  3 river rats
  A white imp (D:6)
  An ufetubus (D:4)
  4 worms
  2 dart slugs
  20 orcs
  9 ball pythons
  4 bats
  8 endoplasms
  7 giant cockroaches
  18 goblins
  9 hobgoblins
  5 jackals
  10 kobolds
  3 quokkas
  A frilled lizard (D:2)
  10 rats
177 creatures vanquished.

Vanquished Creatures (collateral kills)
  2 wights (D:6)
  A hound (D:4)
  An iguana (D:5)
  An adder (D:4)
  A white imp (D:5)
  An ufetubus (D:6)
  3 orcs
  An endoplasm (D:4)
  A goblin (Bailey)
  A hobgoblin (Bailey)
  A rat (D:3)
14 creatures vanquished.

Vanquished Creatures (others)
  A gnoll zombie (Bailey)
  3 goblin zombies (Bailey)
  A hobgoblin zombie (Bailey)
  3 orc zombies (Bailey)
8 creatures vanquished.

Grand Total: 199 creatures vanquished

Notes
Turn   | Place    | Note
-------+----------+-------------------------------------------
     0 | D:1      | thirtiethelement the Demonspawn Necromancer began the quest
                  | for the Orb.
     0 | D:1      | Reached XP level 1. HP: 13/13 MP: 3/3
   413 | D:1      | Gained mutation: You regenerate a little health from kills.
                  | [demonic ancestry]
   413 | D:1      | Reached XP level 2. HP: 17/19 MP: 3/5
   523 | D:1      | Reached skill level 5 in Necromancy
  1078 | D:2      | Gained mutation: You have large cloven feet. [demonic
                  | ancestry]
  1078 | D:2      | Reached XP level 3. HP: 24/24 MP: 4/6
  1131 | D:2      | Learned a level 3 spell: Vampiric Draining
  1696 | D:2      | Gained mutation: You regenerate magic rapidly. [demonic
                  | ancestry]
  1696 | D:2      | Reached XP level 4. HP: 28/30 MP: 8/8
  1884 | D:3      | Found Muh Zeef's Magic Scroll Boutique.
  1901 | D:3      | Bought a scroll of identify for 20 gold pieces
  1901 | D:3      | Bought a scroll of fear for 40 gold pieces
  1901 | D:3      | Bought a scroll of immolation for 40 gold pieces
  2152 | D:3      | Reached skill level 1 in Armour
  2205 | D:3      | Found a glowing drain.
  2213 | D:3      | Reached XP level 5. HP: 28/35 MP: 4/9
  2229 | Sewer    | Entered a sewer
  2642 | Sewer    | Gained mutation: You regenerate health from kills. [demonic
                  | ancestry]
  2642 | Sewer    | Reached XP level 6. HP: 41/41 MP: 7/12
  2844 | Sewer    | Gained mutation: You occasionally lose the ability to read
                  | scrolls when taking damage. [potion of mutation]
  2844 | Sewer    | Gained mutation: Your mind is acute. (Int +4, Str/Dex -1)
                  | [potion of mutation]
  3316 | D:4      | Got Sif Muna's Papyrus of Illusion and Contamination
  3335 | D:4      | Learned a level 2 spell: Call Imp
  3932 | D:5      | Entered Level 5 of the Dungeon
  4051 | D:5      | Reached XP level 7. HP: 27/47 MP: 5/14
  4082 | D:4      | Reached skill level 1 in Short Blades
  4114 | D:5      | Reached skill level 1 in Summonings
  4404 | D:5      | Reached skill level 5 in Spellcasting
  4468 | D:5      | Learned a level 4 spell: Animate Dead
  4589 | D:5      | Found an iron altar of Okawaru.
  5704 | D:6      | Gained mutation: You have an unusually large brain. (Int
                  | +2) [demonic ancestry]
  5704 | D:6      | Reached XP level 8. HP: 9/47 MP: 16/16
  5877 | D:6      | Found Koteav Ureets's Book Boutique.
  5894 | D:6      | Identified a scroll of acquirement
  5894 | D:6      | Acquired an amulet of regeneration
  5928 | D:6      | Reached skill level 1 in Fighting
  6164 | D:6      | Found Qabbot's Distillery.
  6165 | D:6      | Noticed Menkaure
  6248 | D:6      | Bought a potion of ambrosia for 88 gold pieces
  6248 | D:6      | Bought a potion of brilliance for 44 gold pieces
  6458 | D:6      | Found a staircase to the Ecumenical Temple.
  6466 | Temple   | Entered the Ecumenical Temple
  6483 | Temple   | Became a worshipper of Makhleb the Destroyer
  6565 | D:6      | Identified the ring of Widaacik {Ice rElec rN++}
  6682 | D:6      | Killed Menkaure
  6926 | D:7      | Found a flagged portal.
  6941 | Bailey   | Entered a bailey
  7041 | Bailey   | Gained mutation: You have hoof-like feet. [demonic
                  | ancestry]
  7041 | Bailey   | Reached XP level 9. HP: 59/59 MP: 5/19
  7072 | Bailey   | Reached * piety under Makhleb
  7223 | Bailey   | Lost mutation: Your mind is acute. (Int +4, Str/Dex -1)
                  | [potion of mutation]
  7223 | Bailey   | Lost mutation: You occasionally lose the ability to read
                  | scrolls when taking damage. [potion of mutation]
  7223 | Bailey   | Gained mutation: You have a pair of small horns on your
                  | head. [potion of mutation]
  7223 | Bailey   | Gained mutation: You expend magic power (3 MP) to
                  | strengthen your wands. [potion of mutation]
  7224 | Bailey   | Lost mutation: You have a pair of small horns on your head.
                  | [potion of mutation]
  7224 | Bailey   | Lost mutation: You expend magic power (3 MP) to strengthen
                  | your wands. [potion of mutation]
  7224 | Bailey   | Gained mutation: Your flesh is heat resistant. (rF+)
                  | [potion of mutation]
  7387 | Bailey   | Reached skill level 5 in Short Blades
  7387 | Bailey   | Reached skill level 5 in Armour
  7387 | Bailey   | Reached skill level 5 in Dodging
  7387 | Bailey   | Reached XP level 10. HP: 71/71 MP: 16/22
  7431 | Bailey   | Identified the +8 shortbow of the Eight Curses {drain,
                  | Dex+5}
  7431 | Bailey   | Noticed an orc warlord
  7443 | Bailey   | Shot with an arrow by an orc warlord

Illustrated notes

Levels and vault maps discovered:
D:1:      nzn_arrival_crosshair, layout_basic, serial_curves, eino_curves_03,
          eino_curves_04
D:2:      layout_loops_ring, minmay_tripent
D:3:      layout_rooms, elyvilon_altar_5, portal_sewer_entry_b, serial_shops,
          nicolae_shop_tiny_glass, kennysheep_boxes
D:4:      layout_loops_ring, solitary_fountain
D:5:      layout_layer_cave, okawaru_trees_2
D:6:      layout_loops_ring, lemuel_temple_firewalk_a, serial_shops, shop, shop,
          kennysheep_minor_cross, grunt_ministairs_9, uniq_menkaure
D:7:      layout_layer_cave, marbit_many_paths, nicolae_overflow_crystal_walls,
          tgw_xom, enter_bailey_2, uniq_pikel
Temple:   nicolae_temple_ecumenical_triangle
Bailey:   bailey_axe_minmay_hex_keep, bailey

Skill      XL: |  1  2  3  4  5  6  7  8  9 |
---------------+----------------------------+-----
Necromancy     | 5 6 8 |  8.6
Stealth        | 2 3 4 |  4.7
Dodging        | 2 5 |  5.3
Spellcasting   | 3 4 5 6 8 |  8.4
Armour         | 1 2 5 |  5.3
Short Blades   | 1 2 5 |  5.3
Summonings     | 1 2 4 |  4.2
Fighting       | 1 3 |  3.9
Throwing       | |  0.4

Action                     |  1- 3 |  4- 6 |  7- 9 | 10-12 || total
---------------------------+-------+-------+-------+-------++-------
  Melee: Unarmed           |     6 |       |       |       ||     6
         Dagger            |    55 |   104 |   221 |       ||   380
         Kick              |     5 |    15 |       |       ||    20
         Punch             |       |     1 |     3 |       ||     4
  Throw: Throwing net      |       |       |     4 |       ||     4
         Dart              |       |       |     7 |     3 ||    10
   Cast: Necrotise         |    34 |    80 |    72 |     1 ||   187
         Vampiric Draining |     1 |     8 |    40 |       ||    49
         Call Imp          |       |     5 |    24 |     1 ||    30
         Animate Dead      |       |       |     1 |       ||     1
    Use: Scroll            |       |     9 |     1 |     1 ||    11
         Potion            |       |     5 |     4 |       ||     9
   Stab: Sleeping          |     8 |     1 |       |       ||     9
         Held in net/web   |       |       |     5 |       ||     5
         Distracted        |       |       |     1 |       ||     1
 Armour: Leather armour    |    19 |    34 |    89 |       ||   142
  Dodge: Dodged            |    44 |    77 |   160 |       ||   281

Table legend: (Time is in decaauts)
 A = Elapsed time spent in this place.
 B = Non-inter-level travel time spent in this place.
 C = Inter-level travel time spent in this place.
 D = Time resting spent in this place.
 E = Time spent auto-exploring this place.
 F = Levels seen in this place.
 G = Mean time per level.
                   A        B        C        D        E       F      G
               +--------+--------+--------+--------+--------+-----+--------+
         Total |   7506 |   7369 |    137 |    811 |   4578 |  10 |  750.6 |
       Dungeon |   6053 |   5933 |    120 |    465 |   4132 |   7 |  864.7 |
        Temple |     34 |     17 |     17 |      0 |      0 |   1 |   34.0 |
         Sewer |    927 |    927 |      0 |    256 |    403 |   1 |  927.0 |
        Bailey |    491 |    491 |      0 |     90 |     43 |   1 |  491.0 |
               +--------+--------+--------+--------+--------+-----+--------+

Top non-repeatable levels by time:
     D:5: 1479 daAuts
     D:6: 1411 daAuts
     D:1: 1074 daAuts
   Sewer: 927 daAuts
     D:2: 781 daAuts
     D:4: 676 daAuts
     D:3: 587 daAuts
  Bailey: 491 daAuts
     D:7: 43 daAuts
  Temple: 34 daAuts
